[ AOE2 MATCH · #478628088 ]
UnrankedArmenians vs Cumans
[ REPLAY ANALYSIS · EXTRACTED FROM THE RECORDED GAME ]
Feudal
12:07
Castle
15:56
Imperial
36:10
| APM avg | 35.8 |
| APM peak | 74 |
| eAPM avg | 22.2 |
| Villagers / military | 118 / 525 |
Focus
⚔️ 46.1% · 🌾 53.9%
Spearman ×217 · Militia ×150 · Composite Bowman ×97 · Trade Cart ×26 · Warrior Priest ×26 · Fishing Ship ×14
Feudal
—
Castle
—
Imperial
—
| APM avg | 90.7 |
| APM peak | 214 |
| eAPM avg | 61.0 |
| Villagers / military | 213 / 286 |
Focus
⚔️ 57.4% · 🌾 42.6%
Knight ×212 · Trade Cart ×70 · Kipchak ×48 · Unknown (1260) ×30 · Fishing Ship ×13 · Demolition Raft ×11
Feudal
10:23
Castle
26:09
Imperial
40:48
| APM avg | 49.0 |
| APM peak | 107 |
| eAPM avg | 31.9 |
| Villagers / military | 262 / 320 |
Focus
⚔️ 33.5% · 🌾 66.5%
Spearman ×97 · Flemish Militia ×84 · Hand Cannoneer ×83 · Knight ×31 · Skirmisher ×11 · Trebuchet (Packed) ×5
Feudal
13:22
Castle
32:25
Imperial
44:59
| APM avg | 29.8 |
| APM peak | 50 |
| eAPM avg | 21.0 |
| Villagers / military | 190 / 349 |
Focus
⚔️ 31.2% · 🌾 68.8%
Scout Cavalry ×125 · Battle Elephant ×124 · Militia ×85 · Fishing Ship ×13 · Trade Cart ×11 · Bombard Cannon ×7
Match map
Initial resources + every placement click. Lines = walls · curves = elevation contours. ◆ gold · ⬟ stone · ● berries · ✦ relic · ◌ wall gap
Your base· ✓ Closed at 15:56 · 18t walls · no gate
Combi l BU's base· Open — opponent sealed themselves in
LoB.Janandez's base· ✓ Closed at 26:09 · 30t walls · 3 gate(s)
Lord Grizznac's base· ✓ Closed at 32:25 · 69t walls · 4 gate(s)
Smoothed initial terrain · ◌ = detected wall gap · hover for details
Inputs per minute
— Lord Brosiah - - Combi l BU
Build order — Lord Brosiah
First 150 of 591 actions detected
| 0:01 | Create | Villager (Male) |
| 0:01 | Create | Villager (Male) |
| 0:01 | Create | Villager (Male) |
| 0:02 | Build | House |
| 0:03 | Build | House |
| 0:25 | Create | Villager (Male) |
| 1:30 | Create | Villager (Male) |
| 1:54 | Build | House |
| 1:58 | Build | House |
| 2:02 | Build | House |
| 2:12 | Create | Villager (Male) |
| 2:33 | Create | Villager (Male) |
| 2:39 | Build | Palisade Wall |
| 2:53 | Build | Mule Cart |
| 3:00 | Create | Villager (Male) |
| 3:24 | Create | Villager (Male) |
| 3:32 | Build | House |
| 3:43 | Create | Villager (Male) |
| 4:32 | Create | Villager (Male) |
| 5:03 | Create | Villager (Male) |
| 5:26 | Create | Villager (Male) |
| 5:48 | Build | Dock |
| 5:54 | Create | Villager (Male) |
| 5:58 | Build | House |
| 6:21 | Create | Villager (Male) |
| 6:37 | Create | Villager (Male) |
| 6:37 | Create | Villager (Male) |
| 6:40 | Create | Fishing Ship |
| 6:40 | Create | Fishing Ship |
| 7:10 | Build | Mule Cart |
| 7:20 | Create | Fishing Ship |
| 7:21 | Create | Villager (Male) |
| 7:43 | Create | Villager (Male) |
| 8:06 | Build | House |
| 8:28 | Create | Fishing Ship |
| 8:29 | Create | Villager (Male) |
| 8:30 | Create | Villager (Male) |
| 8:45 | Build | Mill |
| 9:09 | Create | Villager (Male) |
| 9:19 | Create | Fishing Ship |
| 9:52 | Build | House |
| 9:57 | Research | Feudal Age |
| 10:00 | Build | House |
| 10:05 | Build | House |
| 10:14 | Build | House |
| 10:18 | Build | House |
| 10:35 | Build | House |
| 10:41 | Build | House |
| 11:23 | Build | Palisade Wall |
| 11:35 | Build | House |
| 12:07 | Age | Feudal Age |
| 12:08 | Build | Blacksmith |
| 12:11 | Create | Villager (Male) |
| 12:13 | Create | Villager (Male) |
| 12:20 | Build | Market |
| 12:25 | Create | Fishing Ship |
| 12:29 | Build | House |
| 12:37 | Create | Villager (Male) |
| 12:43 | Build | Mule Cart |
| 13:00 | Build | Stone Wall |
| 13:16 | Research | Castle Age |
| 14:20 | Build | Stone Wall |
| 14:31 | Build | Stone Wall |
| 14:35 | Research | Scale Mail Armor |
| 14:48 | Create | Villager (Male) |
| 15:29 | Build | Stone Wall |
| 15:31 | Build | Stone Wall |
| 15:32 | Build | Stone Wall |
| 15:40 | Research | Double-Bit Axe |
| 15:43 | Research | Gold Mining |
| 15:48 | Build | Fish Trap |
| 15:50 | Build | Fish Trap |
| 15:56 | Age | Castle Age |
| 16:02 | Build | Monastery |
| 16:04 | Research | Loom |
| 16:11 | Research | Bow Saw |
| 16:34 | Build | Monastery |
| 16:48 | Create | Villager (Male) |
| 16:48 | Create | Villager (Male) |
| 16:57 | Build | Monastery |
| 17:02 | Create | Villager (Male) |
| 17:07 | Create | Warrior Priest |
| 17:09 | Create | Warrior Priest |
| 17:11 | Build | House |
| 17:14 | Create | Villager (Male) |
| 17:32 | Create | Warrior Priest |
| 17:32 | Create | Warrior Priest |
| 17:50 | Create | Warrior Priest |
| 17:51 | Create | Warrior Priest |
| 17:58 | Create | Villager (Male) |
| 18:50 | Create | Warrior Priest |
| 19:08 | Build | Fish Trap |
| 19:09 | Create | Villager (Male) |
| 19:13 | Build | Town Center |
| 19:19 | Build | Monastery |
| 19:29 | Create | Villager (Male) |
| 19:36 | Create | Villager (Male) |
| 19:43 | Build | Fish Trap |
| 19:48 | Research | Town Watch |
| 19:54 | Research | Wheelbarrow |
| 19:54 | Research | Wheelbarrow |
| 20:06 | Create | Warrior Priest |
| 20:20 | Research | Sanctity |
| 20:22 | Create | Villager (Male) |
| 20:26 | Build | House |
| 20:28 | Research | Gold Mining |
| 20:57 | Create | Monk |
| 21:12 | Build | Siege Workshop |
| 21:26 | Create | Villager (Male) |
| 21:29 | Build | House |
| 21:31 | Create | Villager (Male) |
| 21:31 | Create | Villager (Male) |
| 21:39 | Create | Villager (Male) |
| 21:41 | Create | Fishing Ship |
| 21:44 | Build | Fish Trap |
| 22:00 | Build | Mule Cart |
| 22:13 | Build | Blacksmith |
| 22:13 | Create | Villager (Male) |
| 22:16 | Create | Warrior Priest |
| 22:17 | Create | Warrior Priest |
| 22:24 | Create | Battering Ram |
| 22:44 | Create | Villager (Male) |
| 22:45 | Create | Villager (Male) |
| 22:47 | Build | Fish Trap |
| 22:54 | Research | Fervor |
| 23:09 | Create | Mangonel |
| 23:15 | Research | Forging |
| 23:17 | Build | House |
| 23:18 | Create | Villager (Male) |
| 23:23 | Build | Farm |
| 23:23 | Build | Farm |
| 23:23 | Build | Farm |
| 23:24 | Build | Farm |
| 23:24 | Build | Farm |
| 23:24 | Build | Farm |
| 23:30 | Create | Fishing Ship |
| 23:31 | Create | Fishing Ship |
| 23:33 | Build | House |
| 23:33 | Build | House |
| 23:35 | Build | Dock |
| 23:47 | Build | Gate |
| 23:50 | Build | Stone Wall |
| 23:56 | Build | House |
| 24:06 | Create | Villager (Male) |
| 24:06 | Create | Villager (Male) |
| 24:15 | Create | Fishing Ship |
| 24:15 | Create | Fishing Ship |
| 24:18 | Create | Fishing Ship |
| 24:19 | Research | Tech 906 |
| 24:37 | Create | Fishing Ship |
Build order — Combi l BU
First 150 of 691 actions detected
| 0:00 | Create | Villager (Male) |
| 0:01 | Create | Villager (Male) |
| 0:01 | Create | Villager (Male) |
| 0:02 | Build | House |
| 0:04 | Build | House |
| 0:16 | Create | Villager (Male) |
| 1:31 | Create | Villager (Male) |
| 1:31 | Create | Villager (Male) |
| 1:50 | Build | Palisade Wall |
| 2:06 | Build | Lumber Camp |
| 2:08 | Create | Villager (Male) |
| 2:09 | Create | Villager (Male) |
| 2:31 | Create | Villager (Male) |
| 2:59 | Create | Villager (Male) |
| 2:59 | Create | Villager (Male) |
| 3:24 | Create | Villager (Male) |
| 3:33 | Build | Palisade Wall |
| 3:35 | Build | Palisade Wall |
| 3:35 | Build | Palisade Wall |
| 3:40 | Create | Villager (Male) |
| 4:09 | Create | Villager (Male) |
| 4:09 | Create | Villager (Male) |
| 4:16 | Build | House |
| 4:54 | Create | Villager (Male) |
| 4:54 | Create | Villager (Male) |
| 4:59 | Create | Villager (Male) |
| 5:00 | Create | Villager (Male) |
| 5:24 | Build | Mill |
| 5:53 | Create | Villager (Male) |
| 5:58 | Build | House |
| 6:34 | Create | Villager (Male) |
| 6:34 | Create | Villager (Male) |
| 6:35 | Create | Villager (Male) |
| 6:35 | Create | Villager (Male) |
| 6:35 | Create | Villager (Male) |
| 6:35 | Create | Villager (Male) |
| 6:35 | Create | Villager (Male) |
| 6:36 | Create | Villager (Male) |
| 6:38 | Create | Villager (Male) |
| 7:07 | Research | Feudal Age |
| 7:39 | Build | Mining Camp |
| 8:23 | Create | Villager (Male) |
| 8:51 | Build | Palisade Wall |
| 8:52 | Build | Palisade Wall |
| 8:53 | Build | Palisade Wall |
| 8:55 | Build | Palisade Wall |
| 8:58 | Build | Palisade Wall |
| 8:59 | Build | Palisade Wall |
| 9:09 | Build | Palisade Gate |
| 9:30 | Build | Palisade Wall |
| 9:30 | Build | Palisade Wall |
| 9:32 | Build | Palisade Wall |
| 9:33 | Build | Palisade Wall |
| 9:40 | Research | Loom |
| 9:40 | Research | Loom |
| 9:50 | Build | Blacksmith |
| 9:53 | Create | Villager (Male) |
| 9:59 | Research | Double-Bit Axe |
| 9:59 | Research | Double-Bit Axe |
| 10:27 | Create | Villager (Male) |
| 10:54 | Create | Villager (Male) |
| 11:03 | Build | Siege Workshop |
| 11:09 | Build | House |
| 11:14 | Build | Dock |
| 11:14 | Create | Villager (Male) |
| 11:44 | Create | Battering Ram |
| 11:46 | Build | House |
| 11:48 | Create | Villager (Male) |
| 11:48 | Create | Villager (Male) |
| 11:48 | Create | Villager (Male) |
| 11:50 | Create | Villager (Male) |
| 11:51 | Create | Villager (Male) |
| 12:05 | Create | Battering Ram |
| 12:05 | Create | Battering Ram |
| 12:14 | Build | House |
| 12:32 | Create | Villager (Male) |
| 12:33 | Create | Demolition Raft |
| 12:34 | Create | Demolition Raft |
| 12:55 | Create | Fishing Ship |
| 12:55 | Create | Fishing Ship |
| 12:56 | Create | Villager (Male) |
| 12:56 | Create | Villager (Male) |
| 12:56 | Create | Villager (Male) |
| 12:56 | Create | Villager (Male) |
| 12:58 | Create | Battering Ram |
| 12:59 | Create | Battering Ram |
| 13:22 | Build | Farm |
| 13:22 | Build | Farm |
| 13:24 | Build | Farm |
| 13:24 | Build | Farm |
| 13:34 | Create | Fishing Ship |
| 13:34 | Create | Fishing Ship |
| 13:50 | Build | House |
| 14:11 | Create | Battering Ram |
| 14:11 | Create | Battering Ram |
| 14:25 | Create | Fishing Ship |
| 14:26 | Create | Villager (Male) |
| 14:48 | Create | Fishing Ship |
| 14:49 | Create | Villager (Male) |
| 14:49 | Create | Villager (Male) |
| 14:49 | Create | Villager (Male) |
| 14:50 | Build | Farm |
| 14:53 | Build | Farm |
| 15:20 | Create | Villager (Male) |
| 15:32 | Build | Town Center |
| 15:41 | Create | Demolition Raft |
| 15:42 | Create | Demolition Raft |
| 15:42 | Create | Demolition Raft |
| 15:45 | Create | Fishing Ship |
| 15:45 | Create | Fishing Ship |
| 15:46 | Create | Villager (Male) |
| 15:46 | Create | Villager (Male) |
| 16:00 | Build | House |
| 16:10 | Create | Villager (Male) |
| 16:10 | Create | Villager (Male) |
| 16:17 | Build | Fish Trap |
| 16:27 | Build | House |
| 16:47 | Create | Villager (Male) |
| 16:57 | Create | Villager (Male) |
| 16:57 | Create | Villager (Male) |
| 17:09 | Build | Fish Trap |
| 17:11 | Build | Fish Trap |
| 17:16 | Build | Fish Trap |
| 17:17 | Create | Demolition Raft |
| 17:17 | Create | Demolition Raft |
| 17:18 | Create | Villager (Male) |
| 17:18 | Create | Villager (Male) |
| 17:24 | Create | Galley |
| 17:24 | Create | Galley |
| 17:27 | Create | Fishing Ship |
| 17:27 | Create | Fishing Ship |
| 17:33 | Create | Villager (Male) |
| 17:33 | Create | Villager (Male) |
| 17:58 | Create | Villager (Male) |
| 17:58 | Create | Villager (Male) |
| 18:00 | Create | Villager (Male) |
| 18:00 | Create | Villager (Male) |
| 18:05 | Build | Lumber Camp |
| 18:12 | Build | Lumber Camp |
| 18:23 | Build | Farm |
| 18:23 | Build | Farm |
| 18:25 | Create | Villager (Male) |
| 18:25 | Create | Villager (Male) |
| 18:33 | Create | Villager (Male) |
| 18:33 | Create | Villager (Male) |
| 18:46 | Build | Farm |
| 18:46 | Build | Farm |
| 18:49 | Create | Villager (Male) |
| 18:52 | Create | Demolition Raft |
| 18:53 | Create | Demolition Raft |
Build order — LoB.Janandez
First 150 of 843 actions detected
| 0:01 | Create | Villager (Male) |
| 0:03 | Build | House |
| 0:04 | Build | House |
| 0:05 | Create | Villager (Male) |
| 0:05 | Create | Villager (Male) |
| 0:12 | Create | Villager (Male) |
| 0:12 | Create | Villager (Male) |
| 1:26 | Research | Loom |
| 1:32 | Create | Villager (Male) |
| 1:32 | Create | Villager (Male) |
| 2:15 | Create | Villager (Male) |
| 2:15 | Create | Villager (Male) |
| 2:45 | Create | Villager (Male) |
| 3:18 | Build | House |
| 3:35 | Create | Villager (Male) |
| 3:35 | Create | Villager (Male) |
| 3:36 | Create | Villager (Male) |
| 3:38 | Build | Lumber Camp |
| 4:03 | Create | Villager (Male) |
| 4:04 | Create | Villager (Male) |
| 4:04 | Create | Villager (Male) |
| 4:24 | Build | House |
| 4:30 | Create | Villager (Male) |
| 4:30 | Create | Villager (Male) |
| 4:30 | Create | Villager (Male) |
| 5:07 | Create | Villager (Male) |
| 5:07 | Create | Villager (Male) |
| 5:07 | Create | Villager (Male) |
| 5:31 | Create | Villager (Male) |
| 5:32 | Create | Villager (Male) |
| 5:50 | Create | Villager (Male) |
| 5:50 | Create | Villager (Male) |
| 5:51 | Create | Villager (Male) |
| 6:13 | Create | Villager (Male) |
| 6:28 | Create | Villager (Male) |
| 6:38 | Create | Villager (Male) |
| 6:38 | Create | Villager (Male) |
| 7:07 | Build | Mill |
| 8:13 | Research | Feudal Age |
| 8:13 | Research | Feudal Age |
| 8:13 | Research | Feudal Age |
| 8:29 | Build | Mining Camp |
| 8:42 | Build | House |
| 8:59 | Build | Barracks |
| 9:10 | Create | Villager (Male) |
| 9:21 | Build | House |
| 9:29 | Build | Palisade Wall |
| 10:23 | Age | Feudal Age |
| 10:26 | Create | Flemish Militia |
| 10:26 | Create | Flemish Militia |
| 10:29 | Build | Barracks |
| 10:39 | Create | Villager (Male) |
| 10:43 | Research | Double-Bit Axe |
| 10:43 | Research | Double-Bit Axe |
| 11:00 | Create | Flemish Militia |
| 11:01 | Create | Flemish Militia |
| 11:01 | Create | Flemish Militia |
| 11:04 | Build | Farm |
| 11:05 | Build | Farm |
| 11:13 | Create | Flemish Militia |
| 11:14 | Create | Flemish Militia |
| 11:14 | Create | Flemish Militia |
| 11:14 | Create | Flemish Militia |
| 11:14 | Create | Flemish Militia |
| 11:18 | Build | Farm |
| 11:25 | Build | House |
| 11:46 | Build | Farm |
| 11:52 | Create | Villager (Male) |
| 11:52 | Create | Villager (Male) |
| 11:57 | Create | Flemish Militia |
| 11:57 | Create | Flemish Militia |
| 11:57 | Create | Flemish Militia |
| 11:57 | Create | Flemish Militia |
| 11:57 | Create | Flemish Militia |
| 11:58 | Create | Flemish Militia |
| 11:58 | Create | Flemish Militia |
| 12:07 | Build | Farm |
| 12:12 | Build | Farm |
| 12:30 | Create | Flemish Militia |
| 12:30 | Create | Flemish Militia |
| 12:30 | Create | Flemish Militia |
| 12:31 | Create | Flemish Militia |
| 12:34 | Build | Farm |
| 12:42 | Create | Flemish Militia |
| 12:42 | Create | Flemish Militia |
| 12:47 | Create | Flemish Militia ×2 |
| 12:47 | Create | Flemish Militia ×2 |
| 12:48 | Create | Flemish Militia ×2 |
| 13:09 | Create | Flemish Militia |
| 13:09 | Create | Flemish Militia |
| 13:09 | Create | Flemish Militia |
| 13:21 | Create | Villager (Male) |
| 13:21 | Create | Villager (Male) |
| 13:22 | Create | Villager (Male) |
| 13:28 | Create | Flemish Militia |
| 13:29 | Create | Flemish Militia |
| 13:29 | Create | Flemish Militia |
| 13:40 | Create | Flemish Militia |
| 13:41 | Create | Flemish Militia |
| 13:41 | Create | Flemish Militia |
| 13:44 | Build | House |
| 13:44 | Build | House |
| 13:46 | Create | Villager (Male) |
| 14:19 | Create | Flemish Militia |
| 14:19 | Create | Flemish Militia |
| 14:20 | Create | Flemish Militia |
| 14:43 | Create | Flemish Militia |
| 14:43 | Create | Flemish Militia |
| 14:43 | Create | Flemish Militia |
| 14:45 | Create | Villager (Male) |
| 14:45 | Create | Villager (Male) |
| 14:47 | Build | Farm |
| 14:48 | Build | Farm |
| 14:52 | Build | House |
| 14:52 | Build | House |
| 14:53 | Build | House |
| 15:06 | Create | Flemish Militia |
| 15:06 | Create | Flemish Militia |
| 15:07 | Create | Flemish Militia |
| 15:28 | Create | Flemish Militia |
| 15:28 | Create | Flemish Militia |
| 15:28 | Create | Flemish Militia |
| 15:29 | Create | Villager (Male) |
| 15:30 | Create | Villager (Male) |
| 15:30 | Create | Villager (Male) |
| 15:38 | Build | Farm |
| 15:39 | Build | Farm |
| 15:39 | Build | Farm |
| 15:40 | Build | Farm |
| 15:41 | Build | Farm |
| 16:00 | Create | Flemish Militia ×2 |
| 16:01 | Create | Flemish Militia ×2 |
| 16:01 | Create | Flemish Militia ×2 |
| 16:20 | Create | Villager (Male) |
| 16:20 | Create | Villager (Male) |
| 16:20 | Create | Villager (Male) |
| 16:22 | Build | Farm |
| 16:33 | Create | Flemish Militia |
| 16:34 | Create | Flemish Militia |
| 16:34 | Create | Flemish Militia |
| 17:15 | Create | Flemish Militia |
| 17:16 | Create | Flemish Militia |
| 17:16 | Create | Flemish Militia |
| 17:17 | Create | Villager (Male) |
| 17:17 | Create | Villager (Male) |
| 17:17 | Create | Villager (Male) |
| 17:21 | Build | Farm |
| 17:25 | Research | Wheelbarrow |
| 17:25 | Create | Villager (Male) |
| 17:25 | Research | Wheelbarrow |
Build order — Lord Grizznac
First 150 of 650 actions detected
| 0:02 | Build | House |
| 0:02 | Create | Villager (Male) |
| 0:02 | Create | Villager (Male) |
| 0:04 | Build | House |
| 0:08 | Create | Villager (Male) |
| 0:09 | Create | Villager (Male) |
| 0:09 | Create | Villager (Male) |
| 0:47 | Research | Loom |
| 0:51 | Create | Villager (Male) |
| 1:18 | Build | Palisade Wall |
| 1:50 | Create | Villager (Male) |
| 2:12 | Build | Palisade Gate |
| 2:48 | Create | Villager (Male) |
| 2:48 | Create | Villager (Male) |
| 3:28 | Create | Villager (Male) |
| 3:28 | Create | Villager (Male) |
| 4:01 | Build | Lumber Camp |
| 4:09 | Build | Palisade Wall |
| 4:20 | Build | Palisade Wall |
| 4:22 | Build | Palisade Wall |
| 4:29 | Create | Villager (Male) |
| 4:56 | Create | Villager (Male) |
| 5:11 | Build | Palisade Wall |
| 5:27 | Create | Villager (Male) |
| 5:27 | Create | Villager (Male) |
| 6:13 | Create | Villager (Male) |
| 6:14 | Create | Villager (Male) |
| 6:27 | Build | House |
| 6:35 | Create | Villager (Male) |
| 6:35 | Create | Villager (Male) |
| 6:41 | Build | House |
| 6:51 | Build | House |
| 7:08 | Create | Villager (Male) |
| 7:08 | Create | Villager (Male) |
| 7:09 | Create | Villager (Male) |
| 7:09 | Create | Villager (Male) |
| 7:12 | Build | House |
| 7:25 | Build | Palisade Wall |
| 8:19 | Create | Villager (Male) |
| 8:52 | Create | Villager (Male) |
| 9:12 | Build | Palisade Gate |
| 9:17 | Create | Villager (Male) |
| 9:43 | Build | Dock |
| 9:48 | Create | Villager (Male) |
| 10:22 | Create | Villager (Male) |
| 10:44 | Create | Villager (Male) |
| 10:46 | Research | Feudal Age |
| 10:52 | Create | Villager (Male) |
| 11:14 | Build | Mill |
| 11:18 | Create | Fishing Ship |
| 11:26 | Build | House |
| 11:42 | Create | Fishing Ship |
| 11:52 | Build | Palisade Gate |
| 11:57 | Create | Villager (Male) |
| 12:21 | Create | Villager (Male) |
| 12:52 | Create | Villager (Male) |
| 13:15 | Build | Palisade Wall |
| 13:16 | Build | Palisade Wall |
| 13:17 | Build | Palisade Wall |
| 13:22 | Age | Feudal Age |
| 13:30 | Build | Stone Wall |
| 13:34 | Build | Stone Wall |
| 13:52 | Build | Gate |
| 14:00 | Build | Gate |
| 14:02 | Build | Stone Wall |
| 14:03 | Create | Villager (Male) |
| 14:09 | Create | Villager (Male) |
| 14:16 | Create | Villager (Male) |
| 14:24 | Build | Barracks |
| 14:32 | Build | Mining Camp |
| 14:44 | Build | Stone Wall |
| 14:52 | Build | Gate |
| 15:00 | Build | Stone Wall |
| 15:04 | Create | Villager (Male) |
| 15:07 | Build | House |
| 15:21 | Research | Man-at-Arms (upgrade) |
| 15:29 | Build | House |
| 16:26 | Build | Lumber Camp |
| 17:12 | Create | Militia |
| 17:12 | Create | Militia |
| 17:15 | Build | House |
| 17:16 | Build | House |
| 18:23 | Create | Militia |
| 19:05 | Create | Militia |
| 19:11 | Build | Mining Camp |
| 20:50 | Build | Town Center |
| 22:04 | Create | Villager (Male) |
| 22:04 | Create | Villager (Male) |
| 22:12 | Build | Dock |
| 23:08 | Create | Villager (Male) |
| 23:09 | Create | Villager (Male) |
| 23:13 | Create | Fishing Ship |
| 23:27 | Build | Mill |
| 23:39 | Create | Villager (Male) |
| 23:48 | Create | Fishing Ship |
| 24:13 | Create | Villager (Male) |
| 24:15 | Create | Fishing Ship |
| 24:38 | Build | Palisade Wall |
| 24:40 | Build | Palisade Wall |
| 24:42 | Build | Palisade Wall |
| 24:45 | Create | Villager (Male) |
| 24:53 | Create | Villager (Male) |
| 24:58 | Build | House |
| 25:17 | Research | Horse Collar |
| 25:18 | Build | Farm |
| 25:42 | Create | Villager (Male) |
| 25:44 | Build | House |
| 25:47 | Build | Farm |
| 25:49 | Build | Farm |
| 25:53 | Create | Villager (Male) |
| 26:10 | Create | Fishing Ship |
| 26:14 | Build | House |
| 26:20 | Create | Villager (Male) |
| 26:23 | Build | Farm |
| 27:03 | Build | Palisade Wall |
| 27:09 | Build | House |
| 27:10 | Create | Villager (Male) |
| 27:16 | Build | Fish Trap |
| 27:37 | Create | Villager (Male) |
| 27:55 | Build | Gate |
| 27:57 | Create | Villager (Male) |
| 28:26 | Build | Market |
| 28:30 | Create | Villager (Male) |
| 28:42 | Create | Villager (Male) |
| 28:43 | Create | Villager (Male) |
| 29:08 | Build | Blacksmith |
| 29:30 | Build | Stone Wall |
| 29:32 | Build | Stone Wall |
| 29:34 | Create | Villager (Male) |
| 29:34 | Create | Villager (Male) |
| 29:37 | Research | Castle Age |
| 29:52 | Build | Fish Trap |
| 29:56 | Create | Spearman |
| 29:58 | Create | Spearman |
| 30:04 | Create | Villager (Male) |
| 30:11 | Build | Fish Trap |
| 30:25 | Build | Fish Trap |
| 30:26 | Create | Villager (Male) |
| 30:35 | Build | Stone Wall |
| 30:43 | Build | Fish Trap |
| 30:48 | Build | Fish Trap |
| 30:49 | Research | Tech 906 |
| 30:50 | Create | Villager (Male) |
| 31:24 | Create | Villager (Male) |
| 32:18 | Research | Tech 906 |
| 32:25 | Age | Castle Age |
| 32:28 | Build | Town Center |
| 32:45 | Research | Heavy Plow |
| 32:49 | Research | Wheelbarrow |
| 33:06 | Create | Villager (Male) |
Match timeline
| 1:18 | Lord Grizznac · wall_segment Palisade Wall x10 |
| 1:50 | Combi l BU · wall_segment Palisade Wall x7 |
| 2:39 | Lord Brosiah · wall_segment Palisade Wall x5 |
| 3:33 | Combi l BU · wall_segment Palisade Wall x1 |
| 3:35 | Combi l BU · wall_segment Palisade Wall x1 |
| 3:35 | Combi l BU · wall_segment Palisade Wall x6 |
| 4:09 | Lord Grizznac · wall_segment Palisade Wall x1 |
| 4:20 | Lord Grizznac · wall_segment Palisade Wall x7 |
| 4:22 | Lord Grizznac · wall_segment Palisade Wall x8 |
| 5:11 | Lord Grizznac · wall_segment Palisade Wall x6 |
| 5:48 | Lord Brosiah · first_building Dock |
| 7:25 | Lord Grizznac · wall_segment Palisade Wall x1 |
| 8:51 | Combi l BU · wall_segment Palisade Wall x1 |
| 8:52 | Combi l BU · wall_segment Palisade Wall x1 |
| 8:53 | Combi l BU · wall_segment Palisade Wall x1 |
| 8:55 | Combi l BU · wall_segment Palisade Wall x1 |
| 8:58 | Combi l BU · wall_segment Palisade Wall x1 |
| 8:59 | Combi l BU · wall_segment Palisade Wall x1 |
| 8:59 | LoB.Janandez · first_building Barracks |
| 9:29 | LoB.Janandez · wall_segment Palisade Wall x4 |
| 9:30 | Combi l BU · wall_segment Palisade Wall x1 |
| 9:30 | Combi l BU · wall_segment Palisade Wall x1 |
| 9:32 | Combi l BU · wall_segment Palisade Wall x1 |
| 9:33 | Combi l BU · wall_segment Palisade Wall x1 |
| 9:43 | Lord Grizznac · first_building Dock |
| 10:23 | LoB.Janandez · age_up feudal |
| 11:03 | Combi l BU · first_building Siege Workshop |
| 11:14 | Combi l BU · first_building Dock |
| 11:23 | Lord Brosiah · wall_segment Palisade Wall x1 |
| 12:07 | Lord Brosiah · age_up feudal |
| 13:00 | Lord Brosiah · wall_segment Stone Wall x8 |
| 13:15 | Lord Grizznac · wall_segment Palisade Wall x5 |
| 13:16 | Lord Grizznac · wall_segment Palisade Wall x1 |
| 13:17 | Lord Grizznac · wall_segment Palisade Wall x1 |
| 13:22 | Lord Grizznac · age_up feudal |
| 13:30 | Lord Grizznac · wall_segment Stone Wall x3 |
| 13:34 | Lord Grizznac · wall_segment Stone Wall x3 |
| 14:02 | Lord Grizznac · wall_segment Stone Wall x1 |
| 14:20 | Lord Brosiah · wall_segment Stone Wall x1 |
| 14:24 | Lord Grizznac · first_building Barracks |
| 14:31 | Lord Brosiah · wall_segment Stone Wall x1 |
| 14:44 | Lord Grizznac · wall_segment Stone Wall x6 |
| 15:00 | Lord Grizznac · wall_segment Stone Wall x3 |
| 15:29 | Lord Brosiah · wall_segment Stone Wall x1 |
| 15:31 | Lord Brosiah · wall_segment Stone Wall x1 |
| 15:32 | Lord Brosiah · wall_segment Stone Wall x1 |
| 15:56 | Lord Brosiah · age_up castle |
| 16:02 | Lord Brosiah · first_building Monastery |
| 20:53 | LoB.Janandez · wall_segment Stone Wall x4 |
| 21:08 | LoB.Janandez · wall_segment Stone Wall x3 |
| 21:12 | Lord Brosiah · first_building Siege Workshop |
| 21:46 | LoB.Janandez · wall_segment Stone Wall x1 |
| 21:47 | LoB.Janandez · wall_segment Stone Wall x1 |
| 21:51 | LoB.Janandez · wall_segment Stone Wall x6 |
| 21:58 | LoB.Janandez · wall_segment Stone Wall x1 |
| 22:00 | LoB.Janandez · wall_segment Stone Wall x1 |
| 22:07 | LoB.Janandez · wall_segment Stone Wall x1 |
| 22:08 | LoB.Janandez · wall_segment Stone Wall x1 |
| 22:32 | Combi l BU · first_market_sell 100 wood |
| 22:32 | Combi l BU · first_market_buy 100 food |
| 22:47 | LoB.Janandez · wall_segment Palisade Wall x6 |
| 23:50 | Lord Brosiah · wall_segment Stone Wall x1 |
| 24:16 | Combi l BU · first_building Barracks |
| 24:17 | Lord Brosiah · first_market_buy 100 food |
| 24:30 | LoB.Janandez · first_building Stable |
| 24:38 | Lord Grizznac · wall_segment Palisade Wall x4 |
| 24:40 | Lord Grizznac · wall_segment Palisade Wall x5 |
| 24:42 | Lord Grizznac · wall_segment Palisade Wall x5 |
| 25:00 | Combi l BU · first_building Stable |
| 25:49 | LoB.Janandez · wall_segment Palisade Wall x1 |
| 26:09 | LoB.Janandez · age_up castle |
| 27:03 | Lord Grizznac · wall_segment Palisade Wall x5 |
| 27:38 | LoB.Janandez · first_market_buy 100 wood |
| 28:46 | Combi l BU · first_building Monastery |
| 29:30 | Lord Grizznac · wall_segment Stone Wall x2 |
| 29:32 | Lord Grizznac · wall_segment Stone Wall x3 |
| 30:35 | Lord Grizznac · wall_segment Stone Wall x3 |
| 31:07 | Lord Brosiah · tribute_sent a jugador 1 |
| 31:07 | Lord Brosiah · tribute_sent a jugador 3 |
| 31:07 | Lord Brosiah · tribute_sent a jugador 4 |
| 31:30 | Lord Brosiah · first_building Barracks |
| 32:25 | Lord Grizznac · age_up castle |
| 33:02 | Lord Brosiah · first_building Castle |
| 33:25 | Lord Grizznac · first_market_buy 100 stone |
| 34:59 | LoB.Janandez · first_building Castle |
| 36:10 | Lord Brosiah · age_up imperial |
| 36:11 | Combi l BU · tribute_sent a jugador 2 |
| 36:11 | Combi l BU · tribute_sent a jugador 3 |
| 36:11 | Combi l BU · tribute_sent a jugador 4 |
| 36:23 | Combi l BU · first_building Castle |
| 36:47 | Lord Brosiah · wall_segment Stone Wall x8 |
| 37:14 | Combi l BU · wall_segment Palisade Wall x9 |
| 37:28 | Combi l BU · tribute_sent a jugador 2 |
| 37:28 | Combi l BU · tribute_sent a jugador 3 |
| 37:28 | Combi l BU · tribute_sent a jugador 4 |
| 37:53 | LoB.Janandez · first_building Archery Range |
| 37:53 | Lord Brosiah · wall_segment Stone Wall x5 |
| 37:57 | Combi l BU · tribute_sent a jugador 2 |
| 37:57 | Combi l BU · tribute_sent a jugador 3 |
| 37:57 | Combi l BU · tribute_sent a jugador 4 |
| 39:07 | LoB.Janandez · wall_segment Stone Wall x4 |
| 39:10 | LoB.Janandez · wall_segment Stone Wall x6 |
| 39:15 | Lord Grizznac · first_building Stable |
| 39:21 | LoB.Janandez · wall_segment Stone Wall x1 |
| 40:04 | LoB.Janandez · wall_segment Stone Wall x5 |
| 40:06 | LoB.Janandez · wall_segment Stone Wall x1 |
| 40:20 | Lord Brosiah · wall_segment Stone Wall x9 |
| 40:48 | LoB.Janandez · age_up imperial |
| 41:16 | Lord Grizznac · first_building Monastery |
| 41:45 | Lord Grizznac · first_building Castle |
| 41:58 | LoB.Janandez · first_building Siege Workshop |
| 42:20 | Combi l BU · tribute_sent a jugador 2 |
| 42:20 | Combi l BU · tribute_sent a jugador 3 |
| 42:20 | Combi l BU · tribute_sent a jugador 4 |
| 44:59 | Lord Grizznac · age_up imperial |
| 45:21 | Combi l BU · tribute_sent a jugador 2 |
| 45:21 | Combi l BU · tribute_sent a jugador 3 |
| 45:21 | Combi l BU · tribute_sent a jugador 4 |
| 48:13 | Combi l BU · first_building Archery Range |
| 48:19 | Lord Brosiah · first_market_sell 500 wood |
| 49:03 | Lord Grizznac · first_building Siege Workshop |
| 49:12 | LoB.Janandez · wall_segment Stone Wall x7 |
| 49:23 | LoB.Janandez · wall_segment Stone Wall x5 |
| 49:59 | LoB.Janandez · wall_segment Stone Wall x9 |
| 51:42 | LoB.Janandez · wall_segment Stone Wall x8 |
| 52:31 | LoB.Janandez · wall_segment Stone Wall x8 |
| 54:05 | Combi l BU · tribute_sent a jugador 2 |
| 54:05 | Combi l BU · tribute_sent a jugador 3 |
| 54:05 | Combi l BU · tribute_sent a jugador 4 |
| 55:12 | LoB.Janandez · wall_segment Stone Wall x8 |
| 57:43 | Lord Grizznac · first_market_sell 500 food |
| 58:27 | LoB.Janandez · wall_segment Stone Wall x8 |
| 59:09 | Lord Brosiah · tribute_sent a jugador 1 |
| 59:09 | Lord Brosiah · tribute_sent a jugador 3 |
| 59:09 | Lord Brosiah · tribute_sent a jugador 4 |
| 59:31 | Lord Grizznac · tribute_sent a jugador 1 |
| 59:31 | Lord Grizznac · tribute_sent a jugador 2 |
| 59:31 | Lord Grizznac · tribute_sent a jugador 3 |
| 60:39 | Lord Brosiah · tribute_sent a jugador 1 |
| 60:39 | Lord Brosiah · tribute_sent a jugador 3 |
| 60:39 | Lord Brosiah · tribute_sent a jugador 4 |
| 63:09 | LoB.Janandez · first_market_sell 500 stone |
| 64:08 | Combi l BU · tribute_sent a jugador 2 |
| 64:08 | Combi l BU · tribute_sent a jugador 3 |
| 64:08 | Combi l BU · tribute_sent a jugador 4 |
| 65:05 | Combi l BU · resign |
[ AI ANALYSIS · 1 CREDIT ]
What really happened in this match?
Wolo.gg analyzes every decision: build order, eco, micro, common mistakes by bracket. Personalized analysis on WhatsApp or Discord in 30 seconds.
Civ guide
Armenians
Perfil
Jugador #985494